 Dungeon Crawl Stone Soup version 0.22-a0-322-g60b3cfd (webtiles) character file.

247 galech the Ruffian (level 5, -1/53 HPs)
             Began as a Troll Monk on Apr 5, 2018.
             Slain by Kairos's ghost (9 damage)
             ... on level 3 of the Dungeon.
             The game lasted 00:03:37 (2203 turns).

galech the Ruffian (Troll Monk)                     Turns: 2203, Time: 00:03:37

Health: -1/53      AC:  5    Str: 20    XL:     5   Next: 85%
Magic:  4/4        EV: 11    Int:  6    God:
Gold:   175        SH:  0    Dex: 12    Spells: 4/4 levels left

rFire    . . .     SeeInvis .     - Unarmed
rCold    + . .     Gourm    +   (no shield)
rNeg     . . .     Faith    .   m - +0 robe (curse)
rPois    .         Spirit   .   (helmet restricted)
rElec    .         Reflect  .   (no cloak)
rCorr    .         Harm     .   (gloves unavailable)
MR       .....                  (boots unavailable)
Stlth    +.........             (no amulet)
HPRegen  0.57/turn              t - ring of protection from cold
MPRegen  0.09/turn              w - ring of loudness (curse)

@: no status effects
A: large, unfitting armour, claws 3, fast metabolism 3, gourmand, regeneration
1, shaggy fur 1, tough skin 2
a: no special abilities


You were on level 3 of the Dungeon.
You were completely stuffed.

You visited 1 branch of the dungeon, and saw 3 of its levels.

You collected 175 gold pieces.

Inventory:

Armour
 a - a +0 robe
 m - a cursed +0 robe (worn)
Jewellery
 j - an uncursed ring of fire
 t - a ring of protection from cold (left claw)
 w - a cursed ring of loudness (right claw)
Scrolls
 e - a scroll of noise
 f - a scroll of enchant armour {unknown}
 h - a scroll of identify
 i - a scroll of blinking {unknown}
 l - a scroll of fear
 q - 2 scrolls of magic mapping
 r - a scroll of random uselessness {unknown}
 v - a scroll of enchant weapon {unknown}
Potions
 c - a potion of resistance {unknown}
 d - a potion of brilliance {unknown}
 g - a potion of might
 k - 2 potions of curing {unknown}
 n - 3 potions of flight {unknown}
 p - 2 potions of heal wounds {unknown}
 s - 2 potions of degeneration {unknown}
 u - a potion of cancellation {unknown}
 x - a potion of magic {unknown}
Comestibles
 b - 5 rations
 o - a chunk of flesh


   Skills:
 + Level 3.5 Fighting
 + Level 3.7 Dodging
 - Level 1.2 Stealth
 + Level 4.6 Unarmed Combat


You had 4 spell levels left.
You didn't know any spells.

Dungeon Overview and Level Annotations

Branches:
Dungeon (3/15)

Altars:

Annotations:
D:3 Kairos's ghost, amateur HuFi


Innate Abilities, Weirdness & Mutations

You are too large for most types of armour.
You have claws for hands.
Your metabolism is lightning-fast.
You like to eat raw meat.
Your natural rate of healing is unusually fast.
You are covered in fur. (AC +1)
You have very tough skin. (AC +2)


Message History

Kairos's ghost hits you.
You scratch Kairos's ghost but do no damage.
Kairos's ghost is heavily damaged.
Kairos's ghost hits you but does no damage.
You scratch Kairos's ghost but do no damage.
Kairos's ghost is heavily damaged.
Kairos's ghost hits you.
You closely miss Kairos's ghost.
Kairos's ghost is heavily damaged.
Kairos's ghost hits you!
* * * LOW HITPOINT WARNING * * *
You scratch Kairos's ghost.
Kairos's ghost is severely damaged.
Kairos's ghost hits you but does no damage.
You scratch Kairos's ghost.
Kairos's ghost is severely damaged.
You barely miss Kairos's ghost.
Kairos's ghost is severely damaged.
Kairos's ghost hits you!
You die...

.....#.# #########
.....#.# #.......#
.....#.# #.#####.#
.....#.# #.# #...#
.......#######.# #.###
.###.........#.# #.#
.....>######.#.###.#
.###..######.....#.#
.#.............W@..####
.#.#...###.............#
(..#..####(#....#.####.#
.###.......#...........#
..##.#######.####.######
..##.#.................#
..##.#>#########.#####.#
..##................##.#
..##...#########.##.##.#


You could see Kairos's ghost.

Vanquished Creatures
  3 orc wizards (D:3)
  Natasha (thrice) (D:2)
  An adder (D:3)
  An ooze (D:3)
  3 worms (D:2)
  3 dart slugs (D:1)
  2 leopard geckos (D:1)
  2 orcs (D:3)
  3 giant cockroaches
  9 hobgoblins
  6 jackals
  5 kobolds
  A quokka (D:3)
  3 ball pythons
  6 bats
  6 frilled lizards
  4 goblins
  4 rats
65 creatures vanquished.

Notes
Turn   | Place    | Note
-------+----------+-------------------------------------------
     0 | D:1      | galech the Troll Monk began the quest for the Orb.
     0 | D:1      | Reached XP level 1. HP: 22/22 MP: 0/0
    50 | D:1      | Reached XP level 2. HP: 29/29 MP: 1/1
   498 | D:1      | Reached XP level 3. HP: 18/36 MP: 2/2
   833 | D:2      | Noticed Natasha
   848 | D:2      | Killed Natasha
   911 | D:2      | Reached XP level 4. HP: 43/44 MP: 3/3
  1232 | D:2      | Noticed Natasha
  1234 | D:2      | Killed Natasha
  1234 | D:2      | Reached skill level 4 in Unarmed Combat
  1473 | D:2      | Noticed Natasha
  1485 | D:2      | Killed Natasha
  1485 | D:2      | Reached XP level 5. HP: 35/53 MP: 4/4
  1884 | D:3      | Noticed Kairos's ghost (amateur HuFi)
  2203 | D:3      | Slain by Kairos's ghost

Vault maps used:
D:1:      scummos_arrival_simple_crosswalls, grunt_decor_one_mirror
D:2:      uniq_natasha
D:3:      chequers_ecumenical_altar_grove

Skill      XL: |  1  2  3  4 |
---------------+-------------+-----
Dodging        | 3 |  3.7
Fighting       | 3 |  3.5
Unarmed Combat | 4 |  4.6
Stealth        | |  1.2

Action                   |  1- 3 |  4- 6 || total
-------------------------+-------+-------++-------
Melee: Unarmed           |    84 |   114 ||   198
       Punch             |     3 |     2 ||     5
  Use: Scroll            |       |     3 ||     3
 Stab: Sleeping          |     4 |     4 ||     8
       Distracted        |       |     1 ||     1
  Eat: Chunk             |    14 |    12 ||    26
Armor: Robe              |    28 |    28 ||    56
Dodge: Dodged            |    67 |    62 ||   129

Table legend:
 A = Spawn XP
 B = Non-spawn XP
 C = Spawn XP percentage of total XP
 D = Spawn monster count
 E = Non-spawn monster count
 F = Spawn count percentage of total count
 G = Total turns spent on level
                    A         B        C        D         E        F      G
               +---------+---------+-------+---------+---------+-------+---------
         Total |       0 |     354 |   0.0 |       0 |      65 |   0.0 |  2203
               +---------+---------+-------+---------+---------+-------+---------
           D:1 |       0 |      52 |   0.0 |       0 |      28 |   0.0 |   654
           D:2 |       0 |     145 |   0.0 |       0 |      21 |   0.0 |  1003
           D:3 |       0 |     157 |   0.0 |       0 |      16 |   0.0 |   546
               +---------+---------+-------+---------+---------+-------+---------
